Map: [ESL] Stargazers

Players

SpeCial

  • Race: Terran Terran
  • Spawn Location: 1:00

Cham - Winner!

  • Race: Zerg Zerg
  • Spawn Location: 11:00

Event: DreamHack SC2 Masters 2022 Atlanta (Online)

VOD

Have the link to the VOD?

Description

Time

  • Played on: Oct. 1, 2022, 4:03 p.m.
  • Length: 20:43

All games in this series

Show
View Real Time Build Order
Export as new Build Order

SpeCial Terran 

Build Orders: Reaper Expand, Mech 

Get SALT Encoding   

  12  0:00  SCV  
  13  0:12  SCV  
  14  0:17  Supply Depot  
  14  0:24  SCV  
  15  0:38  SCV  
  15  0:40  Barracks  
  16  0:44  Refinery  
  16  0:51  SCV  
  17  1:03  SCV  
  18  1:15  SCV  
  19  1:27  Orbital Command  
  19  1:28  Reaper  
  20  1:39  Command Center  
  20  1:50  Supply Depot  
  20  1:53  SCV  
  21  2:00  Marine  
  22  2:06  SCV  
  23  2:14  Factory  
  23  2:18  SCV  
  23  2:22  Barracks Reactor  
  24  2:30  SCV  
  25  2:42  SCV  
  26  2:51  Orbital Command  
  26  2:54  SCV, Command Center  
  27  3:00  Starport  
  27  3:05  Refinery  
  27  3:11  Hellion  
  31  3:13  Hellion  
  31  3:15  SCV  
  31  3:17  Marine  
  33  3:20  SCV  
  34  3:27  SCV  
  34  3:32  SCV  
  34  3:33  Hellion  
  40  3:34  Hellion  
  40  3:40  SCV  
  41  3:43  Marine  
  41  3:44  Fusion Core  
  41  3:47  SCV  
  43  3:48  Starport Tech Lab  
  43  3:52  SCV  
  44  3:58  Hellion  
  46  4:06  SCV x2, Hellion  
  46  4:07  Orbital Command  
  53  4:18  SCV x2, Orbital Command  
  54  4:28  Supply Depot  
  54  4:29  Hellion  
  54  4:30  Hellion, SCV x2  
  57  4:42  SCV  
  58  4:48  SCV x2  
  58  4:50  Supply Depot, Battlecruiser  
  58  4:51  Hellion  
  68  4:57  Supply Depot  
  68  4:58  SCV  
  69  5:02  Refinery  
  69  5:03  Refinery  
  69  5:12  SCV x3, Hellion  
  74  5:14  Supply Depot  
  74  5:17  Hellion  
  76  5:24  SCV x3  
  76  5:28  Factory  
  79  5:29  Factory  
  79  5:32  Supply Depot  
  79  5:36  Hellion, SCV x2  
  79  5:38  SCV, Hellion  
  86  5:48  SCV x2  
  88  5:50  SCV  
  88  5:55  Battlecruiser  
  95  6:00  SCV x2  
  95  6:02  SCV  
  90  6:13  SCV x2  
  90  6:14  SCV  
  90  6:17  Hellion x2, Factory Tech Lab x2  
  97  6:25  SCV x2  
  91  6:26  SCV  
  88  6:34  Refinery  
  88  6:35  Refinery, Weapon Refit  
  88  6:37  SCV x2  
  88  6:38  Hellion x2, SCV  
  95  6:40  Siege Tank x2  
  101  6:48  Command Center  
  101  6:49  Armory  
  101  6:50  Supply Depot  
  101  6:51  Supply Depot  
  101  6:56  Engineering Bay, Armory  
  101  7:07  Hellion  
  101  7:11  SCV x3, Hellion  
  101  7:12  Siege Tank  
  101  7:14  Siege Tank  
  106  7:23  SCV x3  
  109  7:31  Supply Depot x2  
  109  7:35  SCV x2, Battlecruiser  
  109  7:37  Missile Turret  
  117  7:43  Command Center  
  117  7:45  Missile Turret  
  117  7:47  Terran Vehicle Weapons Level 1, Supply Depot  
  117  7:48  Terran Vehicle And Ship Armor Level 1  
  117  7:52  SCV x3  
  118  8:00  Hellion  
  118  8:01  Hellion x2  
  118  8:02  Hellion  
  118  8:04  SCV x3  
  117  8:12  Missile Turret  
  117  8:15  Factory  
  117  8:16  Factory  
  117  8:17  SCV x3  
  117  8:19  Missile Turret  
  120  8:22  Hellion x2, Siege Tank  
  120  8:23  Siege Tank  
  130  8:27  Missile Turret  
  130  8:29  SCV x3  
  130  8:32  Planetary Fortress  
  133  8:41  SCV x3, Refinery  
  136  8:43  Hellion x2, Refinery  
  136  8:46  Supply Depot  
  140  8:52  Missile Turret  
  140  8:53  SCV  
  140  8:54  Battlecruiser  
  147  9:01  Missile Turret  
  147  9:05  Hellion x2, Missile Turret, Siege Tank x2  
  147  9:06  Factory Tech Lab  
  156  9:12  SCV x3  
  159  9:25  Sensor Tower  
  159  9:28  Refinery  
  159  9:29  SCV, Refinery  
  158  9:31  Hellion  
  158  9:32  Hellion, Factory Reactor  
  158  9:33  Siege Tank  
  158  9:34  Sensor Tower  
  158  9:36  Planetary Fortress  
  165  9:40  Missile Turret x2  
  165  9:43  Ghost Academy  
  165  9:46  Barracks x3  
  165  9:49  Infernal Pre-Igniter  
  165  9:53  Hellion x2, Siege Tank x2  
  175  10:02  SCV x2  
  175  10:05  Hellion  
  175  10:06  Missile Turret  
  178  10:12  SCV  
  178  10:13  Battlecruiser  
  167  10:14  Hellion  
  167  10:19  Terran Vehicle Weapons Level 2  
  167  10:20  Supply Depot, Terran Vehicle And Ship Armor Level 2  
  165  10:23  Supply Depot  
  165  10:33  Supply Depot  
  165  10:35  Supply Depot  
  165  10:42  SCV  
  166  10:51  Hellion x4, Barracks Tech Lab  
  166  10:52  Barracks Tech Lab x2  
  171  10:58  SCV  
  171  11:01  SCV  
  173  11:09  Hellion x3  
  173  11:10  Command Center  
  179  11:16  Hellion x3  
  185  11:20  Battlecruiser  
  185  11:24  Ghost x2  
  195  11:35  Ghost  
  187  11:45  Thor  
  187  11:52  Thor, Ghost  
  183  12:01  Hellion, Siege Tank  
  175  12:15  Hellion x2  
  175  12:24  Missile Turret  
  175  12:28  Battlecruiser, Siege Tank  
  182  12:32  SCV x3  
  185  12:37  Siege Tank  
  185  12:38  Siege Tank  
  185  12:42  Hellion x2  
  195  12:44  SCV  
  195  12:45  Hellion  
  198  12:55  Hellion  
  200  13:01  Hellion x3  
  200  13:03  Hellion  
  200  13:04  Hellion  
  200  13:14  Factory  
  200  13:19  Factory  
  188  13:20  Missile Turret  
  188  13:21  Missile Turret, Siege Tank x2  
  188  13:22  Hellion  
  188  13:23  Smart Servos  
  196  13:31  Refinery x2  
  196  13:38  Battlecruiser  
  196  13:40  Ghost x2  
  200  13:50  Ghost  
  200  13:55  Planetary Fortress  
  199  14:02  SCV x3  
  180  14:13  Sensor Tower  
  180  14:15  Hellion  
  180  14:16  Hellion x3  
  188  14:19  Factory Tech Lab x2  
  188  14:22  Thor x2  
  200  14:24  Terran Vehicle Weapons Level 3  
  200  14:25  Terran Vehicle And Ship Armor Level 3  
  200  14:36  Command Center  
  192  14:43  Thor  
  198  14:48  Ghost  
  198  14:49  Hellion  
  198  14:51  Hellion  
  198  14:52  Hellion  
  197  14:54  Hellion  
  197  14:58  Terran Infantry Armor Level 1  
  195  15:09  Ghost x2  
  195  15:17  Hellion x2  
  195  15:18  Hellion  
  199  15:21  Missile Turret  
  199  15:24  Command Center  
  199  15:29  Command Center  
  198  15:40  Command Center  
  196  15:44  Command Center  
  196  15:46  Command Center  
  196  15:52  Raven  
  196  15:55  Hellion  
  200  16:12  Hellion  
  159  16:19  Thor x2  
  159  16:20  Thor, Hellion  
  179  16:28  Ghost  
  179  16:29  Hellion  
  183  16:35  Battlecruiser  
  189  17:00  Ghost x2  
  183  17:03  Orbital Command  
  154  17:08  Siege Tank x3  
  154  17:09  Hellion x3  
  166  17:18  Command Center  
  166  17:19  Hellion, Ghost  
  170  17:31  Hellion x3  
  156  17:48  Hellion x2  
  140  17:51  Hellion x2  
  140  17:52  Ghost x2  
  120  18:06  Thor  
  120  18:11  Hellion  
  83  18:50  Hellion x3, Siege Tank, Ghost x2  
  83  18:54  Siege Tank  
  95  19:04  Ghost  
  96  19:13  Hellion x2  
  100  19:22  Ghost x2  
  103  19:28  Hellion x2  
  110  19:33  Ghost  
  90  20:11  Hellion  
  90  20:13  Hellion  
Show
View Real Time Build Order
Export as new Build Order

Cham Zerg - Winner!

Build Orders: Hatch First, Swarm Host 

Get SALT Encoding   

  12  0:00  Drone  
  13  0:08  Drone  
  14  0:17  Overlord  
  14  0:35  Drone x2  
  16  0:48  Hatchery  
  15  0:51  Drone  
  15  0:56  Drone  
  17  1:08  Extractor  
  17  1:10  Spawning Pool  
  15  1:15  Drone  
  15  1:17  Drone  
  17  1:20  Drone  
  18  1:36  Drone  
  19  1:40  Drone  
  20  1:52  Drone  
  21  2:00  Queen x2  
  25  2:02  Zergling x4  
  27  2:19  Drone, Hatchery  
  27  2:29  Spore Crawler  
  26  2:31  Drone x2  
  26  2:35  Overlord  
  29  2:51  Overlord  
  29  2:53  Queen  
  29  2:54  Metabolic Boost  
  29  2:56  Drone x2  
  29  2:58  Drone  
  34  3:01  Drone  
  34  3:02  Drone  
  36  3:10  Drone  
  36  3:11  Drone  
  38  3:14  Drone  
  38  3:15  Drone x2  
  38  3:16  Drone  
  42  3:22  Overlord  
  42  3:29  Drone  
  42  3:30  Queen  
  42  3:33  Queen  
  47  3:37  Queen  
  47  3:40  Drone  
  50  3:44  Drone x3  
  53  3:49  Zergling x6  
  53  3:51  Drone  
  53  3:52  Drone  
  58  4:00  Overlord x2  
  58  4:09  Overlord  
  57  4:18  Queen x2  
  57  4:20  Zergling x4, Drone x3  
  57  4:22  Drone x2  
  68  4:24  Drone x2  
  68  4:25  Drone  
  68  4:26  Drone  
  68  4:29  Drone  
  68  4:31  Lair  
  73  4:33  Spore Crawler  
  73  4:34  Spore Crawler  
  73  4:37  Drone x3  
  74  4:39  Drone  
  74  4:42  Drone x2  
  74  4:45  Extractor  
  76  4:46  Drone  
  76  4:47  Spore Crawler  
  76  4:51  Drone  
  76  4:52  Drone, Roach Warren  
  77  4:53  Drone  
  77  4:54  Drone  
  77  4:57  Zergling x2, Drone  
  81  5:01  Extractor  
  81  5:02  Drone, Overlord  
  81  5:03  Extractor  
  81  5:05  Overlord  
  80  5:07  Drone  
  80  5:11  Overlord  
  80  5:12  Spore Crawler  
  80  5:14  Extractor  
  79  5:15  Extractor  
  79  5:16  Evolution Chamber  
  79  5:17  Drone x2  
  79  5:18  Evolution Chamber  
  79  5:19  Drone x2  
  80  5:23  Drone  
  80  5:26  Drone x3  
  84  5:33  Overseer  
  84  5:35  Hatchery  
  84  5:38  Drone  
  84  5:39  Drone x2  
  84  5:41  Overlord  
  86  5:44  Zerg Ground Armor Level 1  
  86  5:51  Drone x3, Zerg Missile Weapons Level 1  
  86  5:52  Drone  
  86  5:55  Roach x2  
  94  6:09  Roach x5  
  94  6:10  Roach  
  103  6:11  Roach  
  103  6:16  Evolution Chamber  
  103  6:17  Roach  
  99  6:28  Drone  
  99  6:29  Spire  
  98  6:35  Drone x2  
  98  6:36  Drone  
  98  6:38  Drone x5  
  102  6:43  Drone x2  
  104  6:49  Infestation Pit  
  104  6:53  Drone x4  
  107  6:54  Roach  
  107  6:59  Overlord  
  109  7:01  Glial Reconstitution  
  109  7:02  Overlord x2  
  111  7:08  Roach  
  111  7:10  Evolution Chamber  
  109  7:22  Drone  
  105  7:23  Drone x12  
  105  7:29  Overlord  
  116  7:34  Overlord x2  
  116  7:41  Corruptor  
  116  7:42  Corruptor x2  
  120  7:51  Drone  
  120  7:52  Drone  
  120  7:55  Baneling Nest, Extractor  
  120  7:56  Extractor  
  115  7:59  Drone x4  
  115  8:02  Swarm Host  
  115  8:03  Swarm Host x4  
  133  8:08  Swarm Host x3  
  133  8:11  Zerg Flyer Weapons Level 1  
  142  8:14  Zerg Missile Weapons Level 2  
  142  8:20  Zerg Ground Armor Level 2  
  142  8:23  Swarm Host x2  
  148  8:27  Swarm Host x2  
  148  8:31  Swarm Host x2  
  148  8:33  Overlord  
  160  8:36  Overlord  
  160  8:39  Centrifugal Hooks  
  160  8:42  Overlord  
  160  8:51  Overlord x2  
  160  8:52  Overlord x3  
  160  9:11  Zergling x2, Ravager x9  
  160  9:12  Zergling x28  
  180  9:33  Baneling  
  180  9:34  Baneling x15  
  180  9:36  Zergling x22  
  191  9:40  Baneling x5  
  191  9:41  Baneling x2  
  192  9:45  Zergling x4  
  193  9:54  Zergling x2  
  193  9:55  Zergling x10  
  199  10:03  Hatchery  
  188  10:15  Zergling x14  
  188  10:18  Zergling x2  
  188  10:21  Hive  
  191  10:28  Corruptor  
  191  10:29  Corruptor x3  
  191  10:30  Hatchery  
  194  10:37  Swarm Host  
  191  10:48  Corruptor x7  
  197  11:01  Swarm Host  
  200  11:12  Baneling  
  200  11:13  Baneling x8  
  200  11:21  Baneling x4  
  197  11:33  Drone x3  
  197  11:36  Drone x2  
  197  11:37  Zerg Ground Armor Level 3, Drone x2  
  197  11:38  Zerg Melee Weapons Level 1, Adrenal Glands  
  158  11:57  Swarm Host x6  
  158  11:58  Swarm Host  
  158  11:59  Corruptor x2  
  165  12:01  Zergling x2  
  165  12:02  Zergling x8  
  170  12:09  Drone x2, Extractor  
  170  12:10  Drone x3, Extractor  
  167  12:21  Roach x5  
  167  12:22  Roach x3  
  183  12:30  Zergling x2  
  183  12:32  Corruptor x2  
  183  12:33  Corruptor x3  
  194  12:41  Corruptor x2  
  198  12:49  Corruptor x2  
  190  13:06  Baneling  
  190  13:07  Baneling x6  
  190  13:08  Drone x12  
  199  13:13  Drone  
  199  13:19  Drone x2  
  195  13:25  Ravager x4  
  199  13:28  Zerg Flyer Armor Level 1  
  199  13:32  Zerg Missile Weapons Level 3  
  197  13:52  Zergling x4  
  199  14:02  Zergling x2  
  199  14:08  Pneumatized Carapace  
  199  14:09  Overseer x3  
  194  14:11  Drone x4  
  194  14:14  Zergling x2  
  194  14:16  Baneling  
  199  14:17  Spore Crawler, Baneling x2  
  198  14:27  Zergling x2  
  198  14:36  Drone x3  
  198  14:37  Drone x3  
  199  14:43  Drone  
  199  14:44  Drone  
  195  14:54  Zergling x8  
  195  14:57  Baneling x6  
  190  15:07  Zergling x20  
  200  15:20  Baneling  
  200  15:21  Baneling  
  200  15:27  Corruptor x4  
  199  15:33  Ravager  
  200  15:41  Baneling x9  
  197  15:43  Corruptor  
  197  15:45  Zergling x2  
  197  15:52  Extractor x2  
  195  15:59  Hatchery  
  195  16:04  Corruptor x7  
  194  16:17  Corruptor  
  194  16:18  Corruptor x4  
  174  16:20  Roach x7  
  174  16:24  Baneling  
  194  16:31  Ravager  
  194  16:32  Zergling x2, Roach, Ravager  
  197  16:33  Zergling x6  
  184  17:02  Roach x7  
  184  17:03  Roach  
  197  17:08  Corruptor  
  199  17:15  Extractor  
  199  17:16  Lair  
  199  17:17  Greater Spire, Zerg Melee Weapons Level 2  
  199  17:18  Extractor  
  197  17:26  Zergling x6  
  174  18:02  Roach x14  
  191  18:12  Roach x4  
  189  18:21  Roach x5  
  199  18:31  Roach  
  197  18:40  Roach x2  
  199  18:48  Corruptor x3  
  199  18:58  Corruptor  
  199  18:59  Corruptor x3  
  197  19:16  Hatchery  
  196  19:17  Corruptor x2  
  184  19:53  Corruptor x5  
  184  19:54  Corruptor x3  
  200  20:02  Corruptor  
  200  20:03  Corruptor x5  
  190  20:19  Roach x2  
Tags
 
Add a new tag
Caveats
  • Supply blocks, unpowered buildings, or Contaminate may cause inaccurate times.
  • Supply counts are checked every 10 seconds.